 Dungeon Crawl Stone Soup version 0.30-a0-359-gd0147acb1a (webtiles) character file.

Game seed: 31586547772442882

28073 LnG the Unseen (level 13, -4/72 HPs)
             Began as a Kobold Summoner on Nov 12, 2022.
             Was a High Priest of Dithmenos.
             Slain by an alligator simulacrum (30 damage)
             ... on level 14 of the Dungeon.
             The game lasted 00:48:53 (14754 turns).

LnG the Unseen (Kobold Summoner)                   Turns: 14754, Time: 00:48:53

Health: -4/72      AC: 12    Str:  5    XL:     13   Next: 70%
Magic:  25/25      EV: 20    Int: 26    God:    Dithmenos [*****.]
Gold:   856        SH:  5    Dex: 15    Spells: 11/28 levels left

rFire   + . .      SeeInvis .    h - +5 dagger of Fate {pain, Contam rCorr Int+4 Stlth+}
rCold   . . .      Faith    .    (no shield)
rNeg    . . .      Spirit   .    D - +2 robe {rF+}
rPois   .          Reflect  +    (helmet restricted)
rElec   .          Harm     .    C - +2 cloak
rCorr   +          Rampage  .    d - +0 pair of gloves
Will    .....                    (no boots) Stlth ****++++++
                                 v - amulet of reflection
HPRegen 1.12/turn                O - +4 ring of protection
MPRegen 0.19/turn                I - ring of resist corrosion

@: wreathed by umbra
A: small, no large weapons, nightstalker 3, horns 1, regeneration 1
a: Renounce Religion, Shadow Step, Shadow Form


You were on level 14 of the Dungeon.
You worshipped Dithmenos.
Dithmenos was extremely pleased with you.
You visited 1 branch of the dungeon, and saw 14 of its levels.
You also visited: Bailey.

You collected 856 gold pieces.

Inventory:

Hand Weapons
 f - a +6 sling of flaming
 h - the +5 dagger of Fate (weapon) {pain, Contam rCorr Int+4 Stlth+}
   (You found it on level 8 of the Dungeon)

   In the hands of one skilled in necromantic magic, it inflicts extra damage on
   living creatures.
   Int:       It affects your intelligence (+4).
   Contam:    It causes magical contamination when unequipped.
   rCorr:     It protects you from acid and corrosion.
   Stlth:     It makes you more stealthy.
 t - a +5 dagger of electrocution
Armour
 d - a +0 pair of gloves (worn)
 x - a +2 robe of willpower
 C - a +2 cloak (worn)
 D - a +2 robe of fire resistance (worn)
 G - a +0 troll leather armour
Jewellery
 n - an amulet of regeneration
 v - an amulet of reflection (around neck)
 y - a ring of poison resistance
 I - a ring of resist corrosion (right hand)
 L - an amulet of the acrobat
 M - a ring of positive energy
 O - a +4 ring of protection (left hand)
Wands
 a - a wand of polymorph (13)
 s - a wand of digging (4)
 B - a wand of iceblast (14)
 H - a wand of flame (10)
 P - a wand of charming (5)
Scrolls
 e - 3 scrolls of teleportation
 j - 3 scrolls of fog
 m - 4 scrolls of vulnerability
 A - 3 scrolls of magic mapping
 E - a scroll of amnesia
 F - 2 scrolls of enchant weapon
 J - a scroll of torment
 K - 2 scrolls of silence
Potions
 b - 2 potions of magic
 c - 5 potions of curing
 g - a potion of might
 i - 6 potions of brilliance
 k - 7 potions of heal wounds
 l - 5 potions of invisibility
 o - 2 potions of mutation
 p - a potion of attraction
 q - 2 potions of degeneration
 r - 2 potions of haste
 u - 5 potions of lignification
 w - a potion of flight
 z - 2 potions of cancellation
 N - 2 potions of resistance {unknown}


   Skills:
 + Level 4.9 Fighting
 + Level 9.4 Short Blades
 * Level 10.8 Dodging
 * Level 17.3 Stealth
 + Level 3.3 Shields
 + Level 8.2 Spellcasting
 + Level 0.6 Hexes
 + Level 8.4 Summonings
 + Level 5.7 Necromancy
 + Level 0.3 Ice Magic
 + Level 1.6 Air Magic
 + Level 5.7 Invocations


You had 11 spell levels left.
You knew the following spells:

 Your Spells              Type           Power      Damage    Failure   Level
a - Summon Small Mammal   Summ           100%       N/A       1%          1
b - Call Imp              Summ           53%        N/A       1%          2
c - Call Canine Familiar  Summ           53%        N/A       1%          3
d - Summon Guardian Gole  Hex/Summ       34%        N/A       2%          3
e - Summon Lightning Spi  Summ/Air       36%        N/A       7%          4
f - Summon Ice Beast      Ice/Summ       33%        N/A       9%          4

Your spell library contained the following spells:

 Spells                   Type           Power      Damage    Failure   Level
 Kiss of Death            Conj/Necr      100%       2d13      1%          1
 Sublimation of Blood     Necr           40%        N/A       1%          2
 Sandblast                Erth           20%        2d7       5%          1
 Dispel Undead            Necr           40%        3d16      5%          4
 Ensorcelled Hibernation  Hex/Ice        26%        N/A       7%          2
 Passwall                 Tmut/Erth      8%         N/A       9%          2
 Swiftness                Air            19%        N/A       9%          3
 Confusing Touch          Hex            14%        N/A       13%         3
 Frozen Ramparts          Ice            24%        1d4       14%         3
 Gell's Gravitas          Tloc           10%        N/A       17%         3
 Stone Arrow              Conj/Erth      20%        3d8       17%         3
 Teleport Other           Tloc           10%        N/A       17%         3
 Airstrike                Air            9%         2d(2-18)  28%         4
 Ice Form                 Ice/Tmut       11%        N/A       45%         4
 Petrify                  Tmut/Erth      10%        N/A       50%         4
 Lightning Bolt           Conj/Air       7%         1d19      73%         5
 Irradiate                Conj/Tmut      5%         3d13      83%         5
 Dispersal                Tloc           5%         N/A       100%        6


Dungeon Overview and Level Annotations

Branches:
Dungeon (14/15)            Temple (0/1) D:7            Lair (0/5) D:11
    Orc (0/2) D:10         Bailey (visited)
 Vaults: D:13-14

Altars:
Ashenzari
Cheibriados
Dithmenos
Fedhas
Kikubaaqudgha
Makhleb
Nemelex Xobeh
Okawaru
Ru
Trog
Wu Jian
Yredelemnul
Zin

Shops:
D:10 [

Annotations:
D:8 Maggie


Innate Abilities, Weirdness & Mutations

You are small and have problems with some larger weapons.
You are completely attuned to the shadows.
You have a pair of small horns on your head.
Your natural rate of healing is unusually fast.


Message History

You hear the loud crackling of a distant melting archway.
F - a scroll of identify
As you read the scroll of identify, it crumbles to dust.
K - 2 scrolls of silence A six-headed hydra comes into view.
You hear the loud crackling of a very distant melting archway.
The helpless six-headed hydra fails to defend itself.
You skewer the six-headed hydra like a kebab!!!!!
You kill the six-headed hydra!
Dithmenos accepts your kill.
You now have 856 gold pieces (gained 10).
F - a scroll of enchant weapon Your warg disappears in a puff of smoke!
The crackling of melting ice is subsiding rapidly.
The walls and floor vibrate strangely for a moment.
You open the door.
Found a dagger.
There is an open door here.
Found a stone staircase leading up.
You open the door.
There is an open door here.
F - 2 scrolls of enchant weapon (gained 1)
Found a stone staircase leading up.
Found a leather armour.
A spriggan defender simulacrum, a minotaur simulacrum and an alligator simulacrum come into view. 2 deep troll simulacra come into view.
An alligator simulacrum and a deep troll simulacrum come into view.
The helpless minotaur simulacrum fails to defend itself.
You spit the minotaur simulacrum like a pig!!!!
The minotaur simulacrum vaporises!
Dithmenos accepts your kill.
An anaconda simulacrum comes into view.
The helpless spriggan defender simulacrum fails to defend itself.
You stick the spriggan defender simulacrum like a pincushion!!!!!
The spriggan defender simulacrum vaporises!
Dithmenos accepts your kill. The alligator simulacrum bites you!
The alligator simulacrum freezes you!!
The alligator simulacrum tail-slaps you.
The alligator simulacrum freezes you!!
You die...

### #### ..##.< #.
#.##.# ## ##.
#####.##.####
.########
##..##............#
.##.....#
####.#.#[..##.##..##.#
.##.###.#
..Z..##.......##...#..
....# #.#
.Z.○.@.#...####.....##
###.###.# Z...Z.##.###
##...... #.....##
.Z.Z.###.# ##.####
###.##.##.....# #.#
#.# #...#.##..### #.#
#.# ####.## ..# #+#
#.# ..# ### #.# ....##
##.###.# ....<.#


You could see 2 alligator simulacra and 3 deep troll simulacra.

Vanquished Creatures
  Josephine (D:11)
  3 hydras
  Erica (D:8)
  2 centaur warriors
  A tengu warrior (D:13)
  2 two-headed ogres
  Amaemon (D:10)
  Pikel (D:9)
  A wizard (D:9)
  A spriggan simulacrum (D:14)
  A deep elf pyromancer (D:14)
  4 ugly things (D:14)
  A manticore (D:13)
  2 cyclopes (D:12)
  Joseph (D:7)
  An orange demon (D:10)
  Psyche (D:12)
  A kobold demonologist (D:14)
  2 komodo dragons
  2 nameless horrors (D:8)
  5 trolls
  6 slime creatures (D:14)
  2 vampires (D:13)
  A shadow (D:10)
  2 wyverns
  A human (D:7)
  5 wraiths
  24 yaks
  2 vampire mosquitoes (D:14)
  A minotaur simulacrum (D:14)
  A steam dragon (D:8)
  An acid dragon (D:13)
  2 water moccasins (D:6)
  5 orc warriors
  An ice beast (D:5)
  3 black bears
  An ogre (D:9)
  9 centaurs
  4 wolves (D:8)
  A phantom (D:6)
  A lemure (D:9)
  A bullfrog (D:9)
  4 kobold brigands
  A scorpion (D:7)
  A gnoll sergeant (D:8)
  A necrophage (D:7)
  3 wights (D:9)
  5 killer bees
  A howler monkey (D:12)
  A crimson imp (D:9)
  A lava snake (D:10)
  6 orc priests
  5 hounds
  3 jellies
  Jessica (D:3)
  2 iguanas
  7 orc wizards
  7 gnolls
  6 adders
  2 shadow imps
  3 white imps
  2 dart slugs
  49 orcs
  4 ball pythons
  5 bats
  8 endoplasms
  2 giant cockroaches
  5 hobgoblins
  2 jackals (D:2)
  A quokka (D:3)
  2 frilled lizards
  5 goblins
  14 kobolds
  A rat (D:2)
269 creatures vanquished.

Vanquished Creatures (collateral kills)
  2 slime creatures (D:14)
  A komodo dragon (D:11)
  A shadow (D:12)
  2 wraiths
  5 yaks
  Grum (D:8)
  An orc warrior (D:7)
  An ogre (D:5)
  A centaur (D:12)
  2 bullfrogs (D:7)
  A scorpion (D:4)
  3 killer bees (D:9)
  3 howler monkeys
  A jelly (D:6)
  An iguana (D:4)
  2 orc wizards (D:7)
  4 gnolls
  2 worms
  17 orcs
  3 ball pythons
  5 endoplasms
  3 goblins
  A hobgoblin (D:2)
  2 jackals (D:2)
  A bat (D:1)
  2 frilled lizards (D:2)
  8 kobolds
  A rat (D:3)
77 creatures vanquished.

Vanquished Creatures (others)
  Maurice (D:8)
  A human (D:7)
  A water moccasin (D:7)
  A black bear (D:7)
  An orc warrior (D:7)
  A gnoll sergeant (D:7)
  A gnoll bouda (D:5)
  A gnoll (D:5)
  9 plants
17 creatures vanquished.

Grand Total: 363 creatures vanquished

Notes
Turn   | Place    | Note
-------+----------+-------------------------------------------
     0 | D:1      | LnG the Kobold Summoner began the quest for the Orb.
     0 | D:1      | Reached XP level 1. HP: 10/10 MP: 3/3
   433 | D:1      | Reached XP level 2. HP: 15/15 MP: 5/5
   436 | D:1      | Learned a level 2 spell: Call Imp
   554 | D:1      | Reached skill level 3 in Stealth
  1229 | D:2      | Found an iron altar of Okawaru.
  1300 | D:2      | Reached XP level 3. HP: 18/19 MP: 3/6
  1309 | D:2      | Learned a level 3 spell: Call Canine Familiar
  1539 | D:2      | Reached skill level 4 in Stealth
  1550 | D:2      | Reached XP level 4. HP: 24/24 MP: 7/7
  2001 | D:3      | Found a shadowy altar of Dithmenos.
  2004 | D:3      | Became a worshipper of Dithmenos the Shadowed
  2054 | D:3      | Reached skill level 5 in Stealth
  2105 | D:3      | Reached XP level 5. HP: 28/28 MP: 8/8
  2168 | D:3      | Found a sacrificial altar of Ru.
  2304 | D:3      | Noticed Jessica
  2308 | D:3      | Killed Jessica
  2309 | D:3      | Reached skill level 1 in Short Blades
  2426 | D:3      | Found an ancient bone altar of Kikubaaqudgha.
  2536 | D:3      | Found a basalt altar of Yredelemnul.
  2699 | D:4      | Reached skill level 6 in Stealth
  2699 | D:4      | Reached skill level 1 in Invocations
  2699 | D:4      | Reached XP level 6. HP: 33/33 MP: 2/10
  2881 | D:4      | Found a snail-covered altar of Cheibriados.
  2961 | D:4      | Reached * piety under Dithmenos
  3045 | D:4      | Found a glowing silver altar of Zin.
  3183 | D:4      | Found an ornate altar of the Wu Jian Council.
  3490 | D:5      | Entered Level 5 of the Dungeon
  3515 | D:5      | Identified the +2 spear of Dishonour {flame, Str+2 Dex+3
                  | Stlth+}
  3822 | D:5      | Noticed an ice beast
  3832 | D:5      | Killed an ice beast
  3833 | D:5      | Reached skill level 1 in Fighting
  3833 | D:5      | Reached skill level 7 in Stealth
  3833 | D:5      | Reached XP level 7. HP: 33/38 MP: 6/11
  3879 | D:5      | Learned a level 3 spell: Summon Guardian Golem
  4353 | D:5      | Reached skill level 8 in Stealth
  4748 | D:5      | Reached XP level 8. HP: 39/43 MP: 6/13
  5206 | D:6      | Reached ** piety under Dithmenos
  5306 | D:6      | Found a broken altar of Ashenzari.
  5346 | D:6      | Reached skill level 5 in Dodging
  5621 | D:6      | Reached skill level 5 in Summonings
  5734 | D:6      | Reached skill level 9 in Stealth
  5769 | D:6      | Found a bloodstained altar of Trog.
  5780 | D:6      | Learned a level 4 spell: Summon Lightning Spire
  5865 | D:6      | Reached XP level 9. HP: 48/48 MP: 15/15
  6137 | D:7      | Reached skill level 10 in Stealth
  6187 | D:7      | Reached skill level 1 in Shields
  6244 | D:7      | Found a flagged portal.
  6293 | Bailey   | Entered a bailey
  6659 | D:7      | Reached *** piety under Dithmenos
  6719 | D:7      | Reached skill level 5 in Spellcasting
  6719 | D:7      | Reached skill level 5 in Invocations
  6719 | D:7      | Reached XP level 10. HP: 54/54 MP: 14/17
  6978 | D:7      | Reached skill level 5 in Short Blades
  7160 | D:7      | Found a staircase to the Ecumenical Temple.
  7251 | D:7      | Learned a level 4 spell: Summon Ice Beast
  7293 | D:7      | Noticed Joseph
  7297 | D:7      | Killed Joseph
  7298 | D:7      | Reached skill level 11 in Stealth
  7734 | D:8      | Noticed a nameless horror
  7859 | D:8      | Noticed Grum
  7878 | D:8      | Reached **** piety under Dithmenos
  7884 | D:8      | Killed Grum
  8011 | D:8      | Identified the +5 dagger of Fate {pain, Contam rCorr Int+4
                  | Stlth+}
  8102 | D:8      | Noticed Erica
  8127 | D:8      | Killed a nameless horror
  8162 | D:8      | Gained mutation: You are occasionally teleported next to
                  | monsters. [potion of mutation]
  8162 | D:8      | Gained mutation: You are dopey. (Int -2) [potion of
                  | mutation]
  8163 | D:8      | Lost mutation: You are occasionally teleported next to
                  | monsters. [potion of mutation]
  8163 | D:8      | Lost mutation: You are dopey. (Int -2) [potion of mutation]
  8163 | D:8      | Gained mutation: You have a pair of small horns on your
                  | head. [potion of mutation]
  8163 | D:8      | Gained mutation: Your natural rate of healing is unusually
                  | fast. [potion of mutation]
  8166 | D:8      | Noticed Maurice
  8177 | D:8      | Killed Maurice
  8178 | D:8      | Reached skill level 1 in Necromancy
  8191 | D:8      | Killed Erica
  8195 | D:8      | Noticed Maggie
  8276 | D:9      | Reached XP level 11. HP: 42/60 MP: 12/19
  9006 | D:9      | Reached skill level 12 in Stealth
  9143 | D:9      | Noticed a wizard
  9768 | D:9      | Killed a wizard
  9876 | D:9      | Reached skill level 13 in Stealth
  9972 | D:9      | Noticed Pikel
  9993 | D:9      | Killed Pikel
  9994 | D:9      | Reached skill level 1 in Air Magic
 10179 | D:10     | Entered Level 10 of the Dungeon
 10360 | D:10     | Noticed a two-headed ogre
 10364 | D:10     | Killed a two-headed ogre
 10369 | D:10     | Found a staircase to the Orcish Mines.
 10467 | D:10     | Found an iron altar of Okawaru.
 10479 | D:10     | Found a burning altar of Makhleb.
 10486 | D:10     | Reached XP level 12. HP: 66/66 MP: 22/22
 10503 | D:10     | Reached ***** piety under Dithmenos
 10754 | D:10     | Noticed Amaemon
 10759 | D:10     | Killed Amaemon
 10760 | D:10     | Reached skill level 14 in Stealth
 10904 | D:10     | Found a blossoming altar of Fedhas.
 10978 | D:10     | Found Voris's Armour Boutique.
 11187 | D:11     | Noticed Josephine
 11193 | D:11     | Killed Josephine
 11294 | D:11     | Reached skill level 5 in Necromancy
 11337 | D:11     | Reached skill level 15 in Stealth
 11368 | D:11     | Found a staircase to the Lair.
 11463 | D:11     | Noticed a four-headed hydra
 11467 | D:11     | Killed a four-headed hydra
 11493 | D:11     | Noticed a two-headed ogre
 11524 | D:11     | Killed a two-headed ogre
 11943 | D:11     | Found a sparkling altar of Nemelex Xobeh.
 12066 | D:12     | Noticed a centaur warrior
 12075 | D:12     | Killed a centaur warrior
 12197 | D:12     | Noticed Psyche
 12201 | D:12     | Killed Psyche
 12275 | D:12     | Reached XP level 13. HP: 53/72 MP: 20/24
 12400 | D:12     | Reached skill level 10 in Dodging
 13442 | D:13     | Reached skill level 16 in Stealth
 13499 | D:13     | Noticed a seven-headed hydra
 13503 | D:13     | Killed a seven-headed hydra
 13514 | D:13     | Noticed a centaur warrior
 13518 | D:13     | Killed a centaur warrior
 14066 | D:14     | Noticed a centaur warrior
 14420 | D:14     | Reached skill level 17 in Stealth
 14658 | D:14     | Noticed a six-headed hydra
 14661 | D:14     | Killed a six-headed hydra
 14754 | D:14     | Slain by an alligator simulacrum

Illustrated notes

Levels and vault maps discovered:
D:1:      dpeg_arrival_concentric_ovals, layout_basic, serial_forest,
          infiniplex_forest_diagonal, infiniplex_forest_clump_cross,
          infiniplex_forest_lined_corner, infiniplex_forest_zigzag_1,
          infiniplex_forest_clump_medium, infiniplex_forest_lined_corner,
          infiniplex_forest_corner_2, nrook_mini_vaults, st_stairs_1
D:2:      minmay_spotlight, layout_rooms, basic_altar
D:3:      layout_loops_ring, grunt_dithmenos_smoke_and_mirrors,
          lemuel_round_altar, mainiacjoe_overflow_alcove_1,
          nicolae_ru_sacrificial_ziggurat, uniq_jessica
D:4:      layout_loops_cross, nicolae_wu_jian_immortal_techniques,
          mainiacjoe_overflow_catwalk, nicolae_overflow_crystal_walls
D:5:      layout_basic
D:6:      layout_cave_pools, lightli_temple_of_fire,
          ashenzari_conservatory_becter, hangedman_minor_gate_pass
D:7:      layout_loops_ring, minmay_temple_entry_overgrown,
          lightli_bailey_entry_fortress, minmay_bent, uniq_joseph
D:8:      layout_cave_pools, uniq_erica, uniq_grum, uniq_maggie, uniq_maurice
D:9:      layout_roguey, grunt_decor_arrowhead, grunt_ogre_cave,
          lightli_wizard_tower, uniq_pikel
D:10:     layout_loops_ring, mainiacjoe_overflow_tiny_flanked,
          mainiacjoe_overflow_catch_the_wave, orc_0_dummy, serial_shops,
          nicolae_take_the_stairs, uniq_amaemon
D:11:     layout_basic, lair_entry_dummy, nemelex_lonely_heart_becter,
          uniq_josephine
D:12:     layout_gridville, drop_trap, corner_web_ring,
          small_statue_intersection, uniq_psyche
D:13:     layout_basic
D:14:     layout_loops_corners, erik_vaults_1,
          portal_ice_cave_entry_ice_simulacra, hangedman_decor_cross_pass

Skill      XL: |  1  2  3  4  5  6  7  8  9 10 11 12 13 |
---------------+----------------------------------------+-----
Stealth        | 3 4 5 6 7 8 9 10 11 13 15 17 | 17.3
Short Blades   | 1 2 3 4 5 7 8 9 |  9.4
Dodging        | 3 4 5 6 8 9 10 | 10.8
Invocations    | 1 2 3 5 |  5.7
Fighting       | 1 2 3 4 |  4.9
Spellcasting   | 3 4 5 6 7 8 |  8.2
Summonings     | 5 6 7 8 |  8.4
Shields        | 1 2 3 |  3.3
Necromancy     | 2 4 5 |  5.7
Air Magic      | 1 |  1.6
Hexes          | |  0.6
Ice Magic      | |  0.3

Action                   |  1- 3 |  4- 6 |  7- 9 | 10-12 | 13-15 || total
-------------------------+-------+-------+-------+-------+-------++-------
Melee: Dagger            |    44 |    93 |   183 |   481 |   106 ||   907
       Unarmed           |     2 |       |       |       |       ||     2
       Punch             |     1 |     1 |     2 |     4 |       ||     8
       Short sword       |       |    46 |       |       |       ||    46
       Headbutt          |       |       |       |    79 |    23 ||   102
 Cast: Summon Small Mamm |     8 |       |     2 |       |       ||    10
       Call Imp          |     6 |     2 |    11 |     3 |     1 ||    23
       Call Canine Famil |       |     9 |    25 |    28 |     9 ||    71
       Summon Guardian G |       |       |     8 |     5 |       ||    13
       Summon Lightning  |       |       |       |    14 |     7 ||    21
       Summon Ice Beast  |       |       |       |     1 |       ||     1
Invok: Shadow Step       |       |       |       |       |     1 ||     1
  Use: Scroll            |     4 |     9 |     8 |    11 |     3 ||    35
       Potion            |       |       |     2 |     5 |       ||     7
 Stab: Sleeping          |    12 |    20 |    12 |    46 |    22 ||   112
       Distracted        |       |     1 |     1 |     3 |     6 ||    11
Armor: Robe              |     6 |    17 |    10 |    44 |     7 ||    84
Dodge: Dodged            |    23 |    77 |   143 |   345 |    48 ||   636
Block: Other             |       |       |    42 |    85 |    13 ||   140
       Reflection        |       |       |     3 |     6 |       ||     9

Table legend: (Time is in decaauts)
 A = Elapsed time spent in this place.
 B = Non-inter-level travel time spent in this place.
 C = Inter-level travel time spent in this place.
 D = Time resting spent in this place.
 E = Time spent auto-exploring this place.
 F = Levels seen in this place.
 G = Mean time per level.
                   A        B        C        D        E       F      G
               +--------+--------+--------+--------+--------+-----+--------+
         Total |  14530 |  14047 |    483 |   1934 |   8700 |  15 |  968.7 |
       Dungeon |  14500 |  14017 |    483 |   1934 |   8700 |  14 | 1035.7 |
        Bailey |     30 |     30 |      0 |      0 |      0 |   1 |   30.0 |
               +--------+--------+--------+--------+--------+-----+--------+

Top non-repeatable levels by time:
     D:5: 1627 daAuts
     D:7: 1373 daAuts
     D:8: 1312 daAuts
     D:9: 1290 daAuts
     D:1: 1202 daAuts
    D:12: 1052 daAuts
     D:6: 969 daAuts
    D:10: 964 daAuts
     D:3: 859 daAuts
    D:14: 828 daAuts
    D:13: 800 daAuts
     D:4: 798 daAuts
    D:11: 795 daAuts
     D:2: 624 daAuts
  Bailey: 30 daAuts
